AoeStats
← Smilie

Arabia

511072288Analyzed
1v1 RM · 6h ago on Oct 3, 2026· 62m 44s· 2 players
Game mode
Random Map
Map size
Tiny (2 player)
Population
200
Speed
Normal
Resources
Standard
Victory
Conquest
Starting age
Dark Age
Ending age
Imperial Age
RankedLock teamsTeams togetherTeam positionsShared explorationLock speedFull tech treeHidden civsTurbo modeCheats
Victory
Defeat
🇺🇸 Maya · United States
882
+16
🇳🇱 Lithuanians · Netherlands
872
-16
Smilie
5:49 Loom
8:58 Feudal Age
9:23 Double-Bit Axe
9:56 Horse Collar
19:02 Wheelbarrow
23:02 Castle Age
21:48 Padded Archer Armor
21:39 Fletching
24:18 Elite Skirmisher
32:32 Bloodlines
36:57 Bodkin Arrow
37:17 Leather Archer Armor
38:47 Thumb Ring
39:53 Bow Saw
39:42 Gold Mining
40:28 Heavy Plow
44:00 Imperial Age
44:23 Scale Barding Armor
44:28 Forging
44:23 Husbandry
44:09 Elite Leitis
45:37 Ring Archer Armor
45:58 Conscription
45:38 Tower Shields
47:17 Cavalier
48:27 Light Cavalry
52:53 Winged Hussar
54:48 Conscription
56:12 Hand Cart
55:44 Town Watch
56:44 Ballistics
JohnnyBoardz
0:36 Loom
11:15 Feudal Age
12:47 Double-Bit Axe
19:23 Castle Age
18:29 Fletching
25:32 Pikeman
26:22 Town Watch
29:10 Horse Collar
30:11 Ballistics
29:58 Bodkin Arrow
33:35 Imperial Age
31:30 Crossbowman
32:47 Padded Archer Armor
34:11 Scale Mail Armor
35:56 Wheelbarrow
35:51 Heavy Plow
36:28 Arbalester
38:24 Theocracy
38:37 Bracer
38:40 Halberdier
39:23 Squires
40:39 Leather Archer Armor
41:58 Block Printing
42:20 Eagle Warrior
43:28 Thumb Ring
44:14 Sanctity
44:49 Forging
45:07 Chain Mail Armor
47:44 Onager
50:39 Ring Archer Armor
50:41 Plate Mail Armor
50:47 Iron Casting
52:44 Holcans
54:13 Hand Cart
53:59 Elite Skirmisher
57:11 Blast Furnace
56:49 Elite Eagle Warrior
62:02 Chemistry
Connection lost

Rejoining the realm…

Still unreachable

The connection could not be restored.

Session expired

The server has moved on; the page needs a fresh start.